 Dungeon Crawl Stone Soup version 0.17-a0-737-gf0a300a (webtiles) character file.

61 Jine the Ducker (level 3, 0/27 HPs)
             Began as a Demonspawn Gladiator on May 7, 2015.
             Succumbed to Sigmund's poison
             ... on level 3 of the Dungeon.
             The game lasted 00:16:17 (1937 turns).

Jine the Ducker (Demonspawn Gladiator)              Turns: 1937, Time: 00:16:17

Health: 0/27       AC: 11    Str: 15    XL:     3   Next: 83%
Magic:  3/3        EV: 11    Int:  9    God:
Gold:   117        SH:  0    Dex: 13    Spells: 0 memorised, 2 levels left

rFire  . . .     SeeInvis .     a - +0 flail
rCold  + . .     Clarity  .     u - +0 scale mail
rNeg   . . .     SustAb   .     (no shield)
rPois  .         Gourm    .     c - +0 helmet
rElec  .         Spirit   .     (no cloak)
rCorr  .         Warding  .     (no gloves)
rMut   .         Stasis   .     (no boots)
MR     .....                    (no amulet)
Stlth  ..........               q - ring of protection from cold
                                i - +1 ring of evasion

@: lethally poisoned (0 -> -16), not resistant to hostile enchantments,
extremely unstealthy
A: talons 1, rough black scales 1
a: no special abilities


You were on level 3 of the Dungeon.
You were very full.

You visited 1 branch of the dungeon, and saw 3 of its levels.

You collected 117 gold pieces.

Inventory:

Hand weapons
 a - a +0 flail (weapon)
 n - a +0 whip
Missiles
 d - 3 throwing nets (quivered)
 t - 44 stones
Armour
 b - a +0 leather armour
 c - a +0 helmet (worn)
 m - a +0 chain mail
 r - a +0 robe
 s - a +0 chain mail
 u - a +0 scale mail (worn)
 v - a +0 robe
 y - a +0 ring mail
Jewellery
 f - an uncursed amulet of rage {unknown}
 i - a +1 ring of evasion (left hand)
 q - a ring of protection from cold (right hand)
Scrolls
 e - a scroll of remove curse
 h - a scroll of enchant armour {unknown}
 j - 2 scrolls of amnesia {unknown}
 k - a scroll of teleportation {unknown}
 l - 4 scrolls of random uselessness {unknown}
Potions
 g - 2 potions of curing {unknown}
 o - 3 potions of restore abilities {unknown}
 w - 2 potions of heal wounds {unknown}
 x - a potion of ambrosia {unknown}
Comestibles
 p - a bread ration
 z - a slice of pizza


   Skills:
 + Level 2.2 Fighting
 * Level 3.2 Maces & Flails
 + Level 1.7 Throwing
 + Level 1.0 Armour
 + Level 3.3 Dodging
 + Level 0.6 Stealth


You had 2 spell levels left.
You didn't know any spells.

Dungeon Overview and Level Annotations

Branches:
Dungeon (3/15)

Altars:

Annotations:
D:3 Sigmund


Innate Abilities, Weirdness & Mutations

You have sharp toenails.
You are partially covered in rough black scales (AC +4, Dex -1).


Message History

You feel sick. Sigmund hits you but does no damage.
You barely miss Sigmund. You claw Sigmund, but do no damage.
Sigmund is moderately wounded.
You feel sick. Sigmund closely misses you.
You hit Sigmund. Your kick misses Sigmund.
Sigmund is moderately wounded.
You feel sick. Sigmund completely misses you.
Your scale mail prevents you from hitting Sigmund.
You claw Sigmund, but do no damage.
Sigmund is moderately wounded.
You feel sick.
* * * LOW HITPOINT WARNING * * *
You feel sick.
Sigmund hits you from afar with a scythe of venom.
* * * LOW HITPOINT WARNING * * *
Sigmund hits you but does no damage.
You are more poisoned.
* * * LOW HITPOINT WARNING * * *
You feel sick.
You die...

#....# #.##.....#.
##..#.###.#######..
..###.....##...........
...............#######.
....#.##.####).# #.
#.#........## #)
#$#.#.###...# #.
#.#†#.##.....# #.
##.@.#.##.....# #.
#..###.##.....# #( #..#
.###...## #( #@## .#
##.## #. #..# .# ## ##
....# . # #.#.## # #...
# #..# #


You could see Sigmund.

Vanquished Creatures
  3 adders
  A worm (D:2)
  2 giant geckos (D:1)
  An orc (D:3)
  3 goblins
  4 hobgoblins
  8 kobolds
  3 bats
  A giant newt (D:2)
  2 rats (D:3)
28 creatures vanquished.

Notes
Turn   | Place    | Note
--------------------------------------------------------------
     0 | D:1      | Jine, the Demonspawn Gladiator, began the quest for the Orb.
     0 | D:1      | Reached XP level 1. HP: 16/16 MP: 1/1
   278 | D:1      | Gained mutation: You are partially covered in rough black scales (AC +4, Dex -1). [demonic ancestry]
   278 | D:1      | Reached XP level 2. HP: 16/22 MP: 2/2
   372 | D:1      | Reached skill level 3 in Maces & Flails
  1297 | D:2      | Gained mutation: You have sharp toenails. [demonic ancestry]
  1297 | D:2      | Reached XP level 3. HP: 24/27 MP: 3/3
  1895 | D:3      | Reached skill level 1 in Armour
  1913 | D:3      | Noticed Sigmund
  1936 | D:3      | HP: 1/27 [poisoned by Sigmund]
  1937 | D:3      | Succumbed to Sigmund's poison

Action                   || total
-------------------------++-------
Melee: Flail             ||   108
       Whip              ||    15
  Use: Scroll            ||     1
  Eat: Bread ration      ||     2
       Pizza             ||     1
